 Dungeon Crawl Stone Soup version 0.28.0-45-g0d030f2227 (webtiles) character file.

Game seed: 10897153246884858559

2643 101zpm the Protected (level 9, -1/55 HPs)
             Began as a Gargoyle Fighter on Apr 5, 2022.
             Was an Initiate of the Shining One.
             Slain by a yak (3 damage)
             ... on level 8 of the Dungeon.
             The game lasted 00:18:31 (9840 turns).

101zpm the Protected (Gargoyle Fighter)             Turns: 9840, Time: 00:18:31

Health: -1/55      AC: 15    Str: 28    XL:     9   Next: 62%
Magic:  9/9        EV: 10    Int:  8    God:    the Shining One [......]
Gold:   300        SH:  6    Dex: 16    Spells: 8/8 levels left

rFire   . . .      SeeInvis .   x - +4 morningstar
rCold   . . .      Faith    .   c - +0 buckler
rNeg    + . .      Spirit   .   C - +1 scale mail of Etubo {Str+3 Dex+7}
rPois   ∞          Reflect  .   (no helmet)
rElec   +          Harm     .   (no cloak)
rCorr   .          Rampage  .   (no gloves)
Will    .....                   (no boots)
Stlth   ..........              (no amulet)
HPRegen 0.18/turn               (no ring)
MPRegen 0.11/turn               (no ring)

@: attractive, glowing
A: sickness immunity, AC +6, negative energy resistance 1, electricity
resistance, torment resistance 1, petrification resistance
a: Renounce Religion


You were on level 8 of the Dungeon.
You worshipped the Shining One.
The Shining One was noncommittal.
You visited 2 branches of the dungeon, and saw 8 of its levels.

You collected 300 gold pieces.

Inventory:

Hand Weapons
 a - a +0 flail
 j - a +1 vampiric dagger
 x - a +4 morningstar (weapon)
Missiles
 h - 10 poisoned darts (quivered)
 i - 3 atropa-tipped darts
 B - a throwing net
Armour
 b - a +0 scale mail
 c - a +0 buckler (worn)
 n - a +0 plate armour
 C - the +1 scale mail of Etubo (worn) {Str+3 Dex+7}
   (You found it on level 7 of the Dungeon)

   Str:       It affects your strength (+3).
   Dex:       It affects your dexterity (+7).
Scrolls
 e - a scroll of blinking {unknown}
 g - 2 scrolls of teleportation {unknown}
 k - 2 scrolls of fear {unknown}
 l - 2 scrolls of vulnerability {unknown}
 m - 2 scrolls of silence {unknown}
 p - a scroll of summoning {unknown}
 v - 2 scrolls of brand weapon {unknown}
 y - 2 scrolls of immolation {unknown}
 z - a scroll of noise {unknown}
 A - 6 scrolls of identify {unknown}
 D - a scroll of holy word {unknown}
 E - a scroll of enchant armour {unknown}
Potions
 d - a potion of might
 f - 2 potions of haste {unknown}
 o - a potion of brilliance {unknown}
 q - a potion of heal wounds {unknown}
 r - 2 potions of flight {unknown}
 s - 2 potions of berserk rage {unknown}
 t - 2 potions of curing {unknown}
 w - 2 potions of mutation {unknown}


   Skills:
 + Level 6.0 Fighting
 + Level 4.4 Short Blades
 + Level 7.0 Maces & Flails
 + Level 1.0 Throwing
 + Level 8.1 Armour
 + Level 1.1 Dodging
 + Level 1.2 Stealth
 + Level 5.6 Shields


You had 8 spell levels left.
You didn't know any spells.
Your spell library contained the following spells:

 Spells                   Type           Power      Damage    Failure   Level
 Static Discharge         Conj/Air       0%         N/A       86%         2
 Lightning Bolt           Conj/Air       0%         1d11      100%        5
 Maxwell's Capacitive Co  Air            0%         ∞         100%        8


Dungeon Overview and Level Annotations

Branches:
Dungeon (8/15)             Temple (1/1) D:4
   Lair: D:8-11

Altars:
Cheibriados
Dithmenos
Elyvilon
Fedhas
Gozag
Hepliaklqana
Kikubaaqudgha
Makhleb
Okawaru
Qazlal
Sif Muna
Trog
Uskayaw
Xom
Yredelemnul
Zin
The Shining One

Shops:
D:1 *

Annotations:
D:7 3 runed translucent doors, dangdung's ghost, novice OpTm; duchin's ghost, novice TeAE


Innate Abilities, Weirdness & Mutations

You are immune to sickness and miasma.
Your stone body is resilient. (AC +6)
You are immune to poison.
You resist negative energy. (rN+)
You are resistant to electric shocks. (rElec)
You are resistant to unholy torment.
You are immune to petrification.


Message History

The yak gores you.
* * * LOW HITPOINT WARNING * * *
You puncture the yak!
The yak is almost dead.
The yak gores you but does no damage.
You puncture the yak!
You kill the yak!
The yak closely misses you.
You hit the yak.
The yak is lightly wounded.
The yak barely misses you.
You hit the yak.
The yak is lightly wounded.
The yak barely misses you.
You sock the yak!
The yak is heavily wounded.
The yak gores you.
* * * LOW HITPOINT WARNING * * *
You puncture the yak!
The yak is severely wounded.
You block the yak's attack.
You puncture the yak!
The yak is almost dead.
The yak barely misses you.
You barely miss the yak.
The yak is almost dead.
The yak gores you.
* * * LOW HITPOINT WARNING * * *
The yak gores you.
* * * LOW HITPOINT WARNING * * *
You bludgeon the yak!!
You kill the yak!
Your Fighting skill increases to level 6!
Your Maces & Flails skill increases to level 7!
Your Throwing skill increases to level 1!
It was a potion of attraction.
You feel attractive to monsters. The yak gores you but does no damage.
You open the door. The yak gores you.
You die...

.#.# #...........# ...#
#...........# ...#
#...........## ..##
#............######### ###
#....................#
#########........).........<.#
.............................#
########.#######'#...........#
......##.# #@#.##........#
#####.##.#######Y#...........#
###...##.#....>#(#.#.#'########.
.##.####.##.##.#.#.#.#..).......
.##.####.....#.#...#.###).######
....##....##.#.#.###.#....#####
######.#.............#...#.....
#.####..#.#(..............
#.........#................


You could see a yak.

Vanquished Creatures
  5 yaks (D:8)
  Menkaure (D:4)
  3 necrophages
  An ice beast (D:4)
  2 ogres (D:4)
  A phantom (D:3)
  2 kobold brigands
  4 wyvern zombies
  3 scorpions
  3 wights (D:7)
  2 centaur zombies (D:7)
  A human zombie (D:7)
  A hound (D:4)
  3 orc priests
  3 orc wizards
  A killer bee zombie (D:7)
  A mummy (D:7)
  4 gnolls (D:2)
  7 adders
  A shadow imp (D:8)
  An adder skeleton (D:4)
  2 worms
  20 orcs
  4 ball pythons
  5 bats
  8 endoplasms
  A giant cockroach (D:3)
  5 goblins
  7 hobgoblins
  5 jackals
  3 quokkas
  A frilled lizard (D:3)
  9 kobolds
  4 rats
124 creatures vanquished.

Notes
Turn   | Place    | Note
-------+----------+-------------------------------------------
     0 | D:1      | 101zpm the Gargoyle Fighter began the quest for the Orb.
     0 | D:1      | Reached XP level 1. HP: 14/14 MP: 1/1
   590 | D:1      | Reached XP level 2. HP: 19/19 MP: 2/2
   635 | D:1      | Found Vixat's General Store.
  1461 | D:2      | Reached XP level 3. HP: 24/24 MP: 3/3
  2175 | D:2      | Reached XP level 4. HP: 29/29 MP: 4/4
  2205 | D:2      | Reached skill level 4 in Armour
  2606 | D:2      | Reached XP level 5. HP: 33/33 MP: 5/5
  2842 | D:2      | Found a faded altar of an unknown god.
  3034 | D:3      | Reached skill level 1 in Short Blades
  3920 | D:4      | Noticed a necrophage
  3956 | D:3      | Killed a necrophage
  3957 | D:3      | Reached XP level 6. HP: 31/39 MP: 6/6
  4097 | D:4      | Found an iron altar of Okawaru.
  4506 | D:4      | Reached skill level 5 in Armour
  4523 | D:4      | Found a staircase to the Ecumenical Temple.
  4923 | D:4      | Noticed an ice beast
  4942 | D:3      | Reached XP level 7. HP: 19/44 MP: 7/7
  5615 | D:4      | Noticed Menkaure
  6566 | D:4      | Reached skill level 6 in Armour
  6566 | D:4      | Reached skill level 5 in Shields
  6910 | D:4      | Reached skill level 5 in Fighting
  6910 | D:4      | Reached XP level 8. HP: 25/49 MP: 8/8
  7087 | D:4      | Reached skill level 1 in Stealth
  7248 | D:4      | Killed Menkaure
  7621 | Temple   | Entered the Ecumenical Temple
  7850 | D:5      | Entered Level 5 of the Dungeon
  7850 | D:5      | You fall into a shaft and drop 3 floors!
  7870 | D:8      | Noticed a +0 hand axe
  7871 | D:8      | Noticed a +0 hand axe
  7874 | D:8      | Found a hide-covered altar of Uskayaw.
  8002 | D:7      | Found a glowing golden altar of the Shining One.
  8623 | D:7      | Identified the +1 scale mail of Etubo {Str+3 Dex+7}
  8636 | D:7      | Reached skill level 7 in Armour
  8737 | D:7      | Found an ancient bone altar of Kikubaaqudgha.
  8912 | D:7      | Reached skill level 5 in Maces & Flails
  8918 | D:7      | Reached XP level 9. HP: 54/54 MP: 9/9
  9067 | D:7      | Found a runed translucent gate.
  9067 | D:7      | Found a runed translucent gate.
  9067 | D:7      | Found a runed translucent gate.
  9071 | D:7      | Noticed dangdung's ghost (novice OpTm)
  9071 | D:7      | Noticed duchin's ghost (novice TeAE)
  9130 | D:7      | Became a worshipper of the Shining One
  9266 | D:8      | Found a burning altar of Makhleb.
  9531 | D:8      | Reached skill level 8 in Armour
  9531 | D:8      | Reached skill level 1 in Dodging
  9837 | D:8      | HP: 2/55 [yak (1)]
  9839 | D:8      | Reached skill level 1 in Throwing
  9840 | D:8      | Slain by a yak

Illustrated notes

Levels and vault maps discovered:
D:1:      kilobyte_arrival_exit_the_forest, layout_loops_corners, serial_shops,
          shop
D:2:      layout_loops_corners, shapermc_ecumenical_altar_mp_vishouse,
          kennysheep_another_room, minmay_pentomino_pile
D:3:      layout_basic, st_stairs_7, kennysheep_generic_room_10
D:4:      layout_basic, okawaru_trees_1, minmay_temple_entry_proselytizer,
          uniq_menkaure
D:5:      minmay_clustersquares, layout_loops_ring,
          gammafunk_temple_overflow_forgotten, uniq_duvessa, uniq_edmund,
          uniq_eustachio, uniq_crazy_yiuf_cottage, uniq_pikel
D:7:      layout_basic, lemuel_mausoleum_altar_kikubaaqudgha, lemuel_tele_altar,
          gammafunk_ghost_cemetery
D:8:      layout_basic, dancing_weapons_uskayaw, makhleb_grotto_becter,
          hangedman_ru_absence, minmay_door_square
Temple:   minmay_temple_bridge_abc

Skill      XL: |  1  2  3  4  5  6  7  8  9 |
---------------+----------------------------+-----
Fighting       | 4 5 6 |  6.0
Armour         | 4 5 6 7 8 |  8.1
Shields        | 4 5 |  5.6
Short Blades   | 2 3 4 |  4.4
Stealth        | 1 |  1.2
Maces & Flails | 5 7 |  7.0
Dodging        | 1 |  1.1
Throwing       | 1 |  1.0

Action                   |  1- 3 |  4- 6 |  7- 9 || total
-------------------------+-------+-------+-------++-------
Melee: Flail             |    47 |       |       ||    47
       Dagger            |    86 |   316 |   209 ||   611
       Morningstar       |       |       |   157 ||   157
Throw: Dart              |       |       |    10 ||    10
  Use: Potion            |       |       |     1 ||     1
Armor: Scale mail        |    42 |       |    70 ||   112
       Plate armour      |    21 |   179 |   121 ||   321
Dodge: Dodged            |    47 |    77 |    99 ||   223
Block: Buckler           |    26 |    52 |    66 ||   144
